 Dungeon Crawl Stone Soup version 0.29.0-4-gdea44cf6ec (webtiles) character file.

Game seed: 8222504225359910549

81 qw the Chopper (level 4, 0/32 HPs)
             Began as a Barachi Chaos Knight on Sept 7, 2022.
             Slain by a quasit (2 damage)
             ... summoned by Xom
             ... on level 2 of the Dungeon.
             The game lasted 00:00:45 (1875 turns).

qw the Chopper (Barachi Chaos Knight)               Turns: 1875, Time: 00:00:46

Health: 0/32       AC: 12    Str: 15      XL:     4   Next: 40%
Magic:  4/4        EV: 11    Int: 12      God:
Gold:   20         SH:  0    Dex: 11 (12) Spells: 3/3 levels left

rFire   . . .      SeeInvis .   Y - +0 hand axe (chaos)
rCold   . . .      Faith    .   (no shield)
rNeg    . . .      Spirit   .   b - +2 leather armour
rPois   .          Reflect  .   j - +0 helmet
rElec   .          Harm     .   (no cloak)
rCorr   .          Rampage  .   (no gloves)
Will    .....                   (no boots)
Stlth   +.........              (no amulet)
HPRegen 0.10/turn               i - +4 ring of protection
MPRegen 0.09/turn               (no ring)

@: slow
A: amphibious, slowness 1, strong legs 1, +LOS, iridescent scales 1, frail 1,
screaming 1
a: Hop


You were on level 2 of the Dungeon.
You visited 1 branch of the dungeon, and saw 2 of its levels.

You collected 20 gold pieces.


Innate Abilities, Weirdness & Mutations

You are amphibious.
You cover ground slowly.
You can hop short distances.
You have an extended range of vision and can be seen from far away.
You are partially covered in iridescent scales. (AC +2)
You are frail. (-10% HP)
You occasionally shout uncontrollably at your foes.


   Skills:
 - Level 3.6 Fighting
 + Level 5.6 Axes
 - Level 2.4 Armour
 - Level 1.1 Dodging


You had 3 spell levels left.
You didn't know any spells.
Your spell library was empty.

Inventory:

Hand Weapons
 n - a +0 whip
 Y - a +0 hand axe of chaos (weapon)
Missiles
 m - 4 boomerangs (quivered)
Armour
 b - a +2 leather armour (worn)
 j - a +0 helmet (worn)
Jewellery
 g - a +6 ring of intelligence
 i - a +4 ring of protection (left hand)
Scrolls
 a - a scroll of identify
Potions
 d - a potion of might {unknown}
 e - a potion of lignification {unknown}
 h - a potion of degeneration {unknown}
 k - a potion of heal wounds {unknown}
 l - a potion of resistance {unknown}
 o - a potion of curing {unknown}
Miscellaneous
 c - a piece from Xom's chessboard (15/15)

Dungeon Overview and Level Annotations

Branches:
Dungeon (2/15)

Altars:


Message History

You completely miss the iron imp. You barely miss the quasit.
You miss something. You barely miss the iron imp.
You hit the soul eater but do no damage.
The soul eater goes berserk!
The quasit bites you but does no damage.
The quasit claws you but does no damage. x2
The quasit closely misses you. The quasit barely misses you.
The quasit misses you. Something bites you but does no damage.
Something claws you but does no damage. x2; The quasit completely misses you.
The quasit closely misses you. The quasit barely misses you.
The quasit completely misses you.
The quasit claws you but does no damage. x2
The soul eater barely misses you.
The quasit bites you but does no damage.
The quasit claws you but does no damage. x2
The quasit closely misses you. The quasit misses you.
The quasit closely misses you. Something bites you but does no damage.
Something claws you. Something claws you but does no damage.
The iron imp hits you.
The iron imp hits you but does no damage.
The iron imp closely misses you.
You closely miss the quasit.
The quasit is lightly wounded.
You hit the iron imp but do no damage. You closely miss the quasit.
You barely miss something. You hit the iron imp but do no damage.
You closely miss the soul eater. You barely miss the quasit.
You barely miss the iron imp. The quasit barely misses you.
The quasit closely misses you. The quasit claws you.
The quasit bites you but does no damage.
The quasit misses you. The quasit closely misses you.
The soul eater barely misses you. Something bites you but does no damage.
Something claws you but does no damage. x2
The quasit bites you but does no damage.
The quasit closely misses you. The quasit misses you.
The quasit bites you but does no damage.
The quasit closely misses you. x2
The quasit bites you but does no damage.
The quasit barely misses you. The quasit claws you.
You die...

#.#.# ##.### #. #.#.# #....# #)
#.#.# ####.####. #.#.#
###.......% #.#.# #..........
#.#.### #.#........ #...5.#
#.#......). ....#########..355#
#.#........ ...............5@{#
#.########. ....#####...##.555#
#.# #.
................555.###.#### #.
....#####...##....####.....#####.
....#.........................
....#.#.....###.#.........>######
....#.#....................##....
.........###.##.#....#.....%...##
.........# #.##............##..#


You could see a soul eater (summoned, berserk), 5 iron imps, 3 quasits, a white
imp (summoned) and an ufetubus (summoned).

Vanquished Creatures
  3 gnolls (D:2)
  An adder (D:2)
  A worm (D:2)
  A dart slug (D:1)
  2 endoplasms
  2 giant cockroaches (D:1)
  4 goblins
  2 hobgoblins
  A quokka (D:2)
  5 ball pythons (D:1)
  6 bats (D:1)
  2 frilled lizards (D:2)
  6 kobolds
  2 rats (D:1)
38 creatures vanquished.

Notes
Turn   | Place    | Note
-------+----------+-------------------------------------------
     0 | D:1      | qw the Barachi Chaos Knight began the quest for the Orb.
     0 | D:1      | Reached XP level 1. HP: 18/18 MP: 1/1
     0 | D:1      | 0 ||| qw: Version: 0.1-a-108-g9e35731
     0 | D:1      | 0 ||| qw: Game counter: 6512
     0 | D:1      | 0 ||| qw: Always use a shield: true
     0 | D:1      | 0 ||| qw: God list: Okawaru
     0 | D:1      | 0 ||| qw: Allow faded altars: false
     0 | D:1      | 0 ||| qw: Do Orc after D:15 true
     0 | D:1      | 0 ||| qw: Do second Lair branch before Depths: true
     0 | D:1      | 0 ||| qw: Lair rune preference: random
     0 | D:1      | 0 ||| qw: Plans: Normal
     0 | D:1      | 0 ||| PLANNING D:1-11
     0 | D:1      | Fell from the grace of Xom
    91 | D:1      | 91 ||| Stepping ~*~*~tactically~*~*~ (stealth).
    96 | D:1      | 96 ||| Stepping ~*~*~tactically~*~*~ (stealth).
   348 | D:1      | Reached XP level 2. HP: 24/24 MP: 2/2
   488 | D:1      | Reached skill level 4 in Axes
   635 | D:1      | 635 ||| Stepping ~*~*~tactically~*~*~ (stealth).
   636 | D:1      | 636 ||| Stepping ~*~*~tactically~*~*~ (stealth).
   637 | D:1      | 637 ||| Stepping ~*~*~tactically~*~*~ (stealth).
   642 | D:1      | 642 ||| Stepping ~*~*~tactically~*~*~ (stealth).
   705 | D:1      | 705 ||| Stepping ~*~*~tactically~*~*~ (stealth).
   707 | D:1      | 707 ||| Stepping ~*~*~tactically~*~*~ (stealth).
   817 | D:1      | Reached XP level 3. HP: 28/29 MP: 3/3
   844 | D:1      | XOM: draining
   903 | D:1      | Noticed a shining eye
   921 | D:1      | Found a faded altar of an unknown god.
   923 | D:1      | Noticed a golden eye
   924 | D:1      | Noticed a shining eye
   924 | D:1      | Noticed an eye of devastation
  1075 | D:1      | 1075 ||| UPGRADING to +0 helmet.
  1080 | D:1      | 1080 ||| UPGRADING to +4 ring of protection.
  1081 | D:1      | 1081 ||| READING 2 scrolls labelled ELESSE KORADWI.
  1082 | D:1      | 1082 ||| READING scroll labelled UCYOQA LELABB.
  1083 | D:1      | 1083 ||| READING scroll labelled YSTRUV LEASHE.
  1084 | D:1      | 1084 ||| READING scroll labelled ACVUMU VAYC.
  1144 | D:2      | 1144 ||| Stepping ~*~*~tactically~*~*~ (stealth).
  1145 | D:2      | 1145 ||| Stepping ~*~*~tactically~*~*~ (stealth).
  1188 | D:2      | XOM: 5-stop teleportation journey
  1318 | D:2      | XOM: give mutation
  1318 | D:2      | Gained mutation: You are frail. (-10% HP) [Xom's mischief]
  1327 | D:2      | Reached skill level 5 in Axes
  1329 | D:2      | HP: 4/25 [gnoll/+0 spear (3)]
  1330 | D:2      | 1330 ||| READING scroll of teleportation.
  1331 | D:2      | HP: 1/25 [gnoll/+0 spear (3)]
  1411 | D:2      | XOM: give mutations
  1411 | D:2      | Gained mutation: You occasionally shout uncontrollably at
                  | your foes. [Xom's mischief]
  1411 | D:2      | Gained mutation: You are partially covered in iridescent
                  | scales. (AC +2) [Xom's mischief]
  1653 | D:2      | Reached XP level 4. HP: 26/32 MP: 4/4
  1708 | D:2      | 1708 ||| DROPPING +0 club.
  1736 | D:2      | XOM: god gift: staff of death
  1869 | D:2      | XOM: summons 12 hostile demons
  1870 | D:2      | Noticed a soul eater
  1874 | D:2      | HP: 4/32 [iron imp[Xom] (5)]
  1875 | D:2      | Slain by a quasit

Levels and vault maps discovered:
D:1:      nagdon_arrival_double_spiral, layout_basic,
          hellmonk_ecumenical_altar_watching_god
D:2:      layout_basic, serial_shops, nicolae_shop_competitors_out_of_business

Skill      XL: |  1  2  3 |
---------------+----------+-----
Axes           | 4 5 |  5.6
Fighting       | |  3.6
Armour         | |  2.4
Dodging        | |  1.1

Action                   |  1- 3 |  4- 6 || total
-------------------------+-------+-------++-------
Melee: Hand axe          |   106 |    29 ||   135
       Punch             |     1 |       ||     1
Throw: Boomerang         |     9 |       ||     9
Invok: Renounce Religion |     1 |       ||     1
  Use: Scroll            |     5 |       ||     5
 Stab: Petrified         |     2 |       ||     2
Armor: Leather armour    |    39 |    52 ||    91
Dodge: Dodged            |    58 |    57 ||   115

Table legend:
 A = Non-vault XP
 B = Vault XP
 C = Vault XP percentage of total XP
 D = Non-vault monster count
 E = Vault monster count
 F = Vault count percentage of total count
                 A         B        C        D         E       F
            +---------+---------+-------+---------+---------+-------
      Total |     116 |       0 |   0.0 |      38 |       0 |   0.0
            +---------+---------+-------+---------+---------+-------
        D:1 |      40 |       0 |   0.0 |      26 |       0 |   0.0
        D:2 |      76 |       0 |   0.0 |      12 |       0 |   0.0
            +---------+---------+-------+---------+---------+-------
